← All builds
Suicide front / Armada / Factory first / OBSERVED BUILD

Standard suicide front

Armada Suicide front build order · Supreme Isthmus

The role's baseline: Bot Lab at 0:21 then straight into reclaim-fed T1 bot production to contest the middle and hold until T2 arrives, with an Advanced Metal Extractor around 9:45.

#rush · 2007 distinct matches · 229 players · 72% of Armada Suicide front games · team won 59% of 2381 · Recently observed

HOW TO PLAY IT

Key timing: Bot Lab by 0:20

  1. Open with mex and lab-first to get Bot Lab up by 0:20.
  2. Expand mex and wind while lab pumps units toward middle.
  3. Push Sentry and early Rocketeer, Centurion to contest middle.
  4. Get T2 constructor out once Pond's boost lets you spare metal.
  5. Upgrade mex to Advanced Metal Extractor as you transition off T1 spam.

Phase by phase

TYPICAL OF ITS 2007 GAMES
  1. 1
  2. 2
  3. 3
PLAY THE OPENING

Follow the example game's first 6:00 step by step: what to build now, what comes next, and where it goes. At 1× it keeps pace with your own game.

  1. 1

    Bot Lab first

    Order
    1. Bot LabBot Lab done ~0:21, middle half 0:20–0:33

    Some games also: mex (44%)

  2. 2

    Bot Lab to 5:00

    Economy
    • Metal Extractor5Mex
    • Wind Turbine4Wind
    Builders
    • Construction Bot3 Con bot
    • Lazarus2 Lazarus
    Army
    • Sentry4 Sentry
    • Rocketeer16 Rocketeer
    • Tick2 Tick
    • Centurion1 Centurion
    Other
    • Radar Tower1 Radar Tower

    Some games also: pawn (38%) · con turret (34%)

    By 5:00 in all: 5 mex · 4 wind

    The example game in this phase · 43 steps
    1. LazarusLazarus
    2. Mex
    3. LazarusLazarus
    4. PawnPawn ×2
    5. Construction BotCon bot
    6. PawnPawn ×2
    7. Mex
    8. PawnPawn ×6
    9. Construction BotCon bot
    10. Radar TowerRadar Tower
    11. Construction BotCon bot
    12. Mex
    13. Construction BotCon bot
    14. RocketeerRocketeer
    15. Radar TowerRadar Tower
    16. RocketeerRocketeer
    17. MaceMace
    18. RocketeerRocketeer
    19. SentrySentry
    20. Wind
    21. RocketeerRocketeer
    22. Mex
    23. MaceMace
    24. LazarusLazarus
    25. Wind
    26. RocketeerRocketeer ×2
    27. SentrySentry
    28. Wind
    29. MaceMace
    30. Mex
    31. Wind
    32. RocketeerRocketeer
    33. Wind
    34. RocketeerRocketeer
    35. Wind
    36. MaceMace
    37. LazarusLazarus
    38. Wind
    39. RocketeerRocketeer
    40. Energy storage
    41. RocketeerRocketeer
    42. Converter
    43. MaceMace
  3. 3

    5:00 to 10:00

    Economy
    • Metal Extractor1Mex
    • Wind Turbine15Wind
    Builders
    • Construction Turret2 Con turret
    • Lazarus2 Lazarus
    • Construction Bot1 Con bot
    Army
    • Sentry1 Sentry
    • Rocketeer8 Rocketeer

    Some games also: pawn (49%) · Radar Tower (46%) · tick (45%) · centurion (44%) · energy storage (43%) · eat Bot Lab (31%)

    By 10:00 in all: 6 mex · 21 wind · 1 energy storage · 2 con turret

    The example game in this phase · 175 steps
    1. RocketeerRocketeer
    2. Construction BotCon bot
    3. Wind
    4. Converter
    5. RocketeerRocketeer ×2
    6. Wind
    7. SentrySentry
    8. MaceMace
    9. Wind
    10. LazarusLazarus
    11. Converter
    12. Wind
    13. RocketeerRocketeer ×2
    14. Wind
    15. MaceMace
    16. Wind
    17. RocketeerRocketeer
    18. Converter
    19. RocketeerRocketeer
    20. Wind
    21. MaceMace
    22. Wind
    23. LazarusLazarus
    24. SentrySentry
    25. Wind
    26. RocketeerRocketeer
    27. Converter
    28. RocketeerRocketeer
    29. Construction BotCon bot
    30. Wind
    31. SentrySentry
    32. Wind
    33. RocketeerRocketeer
    34. SentrySentry
    35. MaceMace
    36. Wind
    37. RocketeerRocketeer
    38. Converter
    39. RocketeerRocketeer
    40. Wind
    41. MaceMace
    42. LazarusLazarus
    43. Wind
    44. LazarusLazarus ×2
    45. Wind
    46. LazarusLazarusfor Front
    47. LazarusLazarus
    48. Wind
    49. Advanced Metal ExtractorT2 mexdone 9:18 · typical 9:46
    50. LazarusLazarus
    51. Wind
    52. Con turret
    53. LazarusLazarusfor Front
    54. Wind
    55. RocketeerRocketeer
    56. Wind
    57. RocketeerRocketeer
    58. Wind
    59. Advanced Metal ExtractorT2 mex
    60. MaceMace
    61. Wind
    62. Construction BotCon bot
    63. Advanced Metal ExtractorT2 mex
    64. RocketeerRocketeer
    65. Con turret
    66. RocketeerRocketeer
    67. LazarusLazarus
    68. MaceMace
    69. RocketeerRocketeer
    70. Advanced Metal ExtractorT2 mex
    71. RocketeerRocketeer
    72. LazarusLazarus
    73. Con turret ×3
    74. MaceMace
    75. RocketeerRocketeer ×2
    76. LazarusLazarus
    77. MaceMace
    78. RocketeerRocketeer ×2
    79. LazarusLazarus
    80. Wind
    81. MaceMace
    82. Wind
    83. RocketeerRocketeer
    84. Wind
    85. RocketeerRocketeer
    86. LazarusLazarus
    87. Wind
    88. SentrySentry
    89. MaceMace
    90. Wind
    91. RocketeerRocketeer ×2
    92. Wind
    93. LazarusLazarus
    94. Wind
    95. MaceMace
    96. RocketeerRocketeer
    97. Wind
    98. BeamerBeamer
    99. RocketeerRocketeer
    100. Wind
    101. LazarusLazarus
    102. Wind
    103. MaceMace
    104. RocketeerRocketeer
    105. Wind
    106. RocketeerRocketeer
    107. LazarusLazarus
    108. Wind
    109. MaceMace
    110. Energy storage
    111. RocketeerRocketeer ×2
    112. LazarusLazarus
    113. MaceMace
    114. Wind
    115. RocketeerRocketeer ×2
    116. Wind
    117. LazarusLazarus
    118. Wind
    119. MaceMace
    120. RocketeerRocketeer
    121. Wind
    122. RocketeerRocketeer
    123. LazarusLazarusfor Front
    124. Wind
    125. MaceMace
    126. RocketeerRocketeer
    127. Wind
    128. RocketeerRocketeer
    129. LazarusLazarusfor Front
    130. Wind
    131. MaceMace
    132. Con turret
    133. Wind
    134. RocketeerRocketeer
    135. LazarusLazarus
    136. Con turret
    137. Wind
    138. Con turret
    139. Wind
    140. LazarusLazarus
    141. Con turret
    142. Wind
    143. MauserMauser
    144. LazarusLazarus
    145. Wind
    146. Vehicle PlantVehicle Plantdone 14:11
    147. LazarusLazarus
    148. MauserMauser
    149. Wind
    150. LazarusLazarus ×2
    151. Wind
    152. BlitzBlitz
    153. LazarusLazarus
    154. BlitzBlitz
    155. LazarusLazarus
    156. Wind
    157. BlitzBlitz
    158. LazarusLazarus
    159. BlitzBlitz
    160. LazarusLazarus
    161. Wind
    162. BlitzBlitz
    163. LazarusLazarus
    164. BlitzBlitz ×6
    165. TickTick
    166. BlitzBlitz
    167. TickTick ×2
    168. BlitzBlitz
    169. TickTick ×2
    170. BlitzBlitz
    171. TickTick ×2
    172. BlitzBlitz
    173. TickTick ×2
    174. BlitzBlitz
    175. TickTick

Counts are medians over the build's games: half of them build more, half fewer. The example game is NoobSlayer's (30 OS, 17/08/2026); pick another.

Team trades

IN AT LEAST 30% OF ITS GAMES

You hand over

Nothing regular.

You get

  • Tidal Generator4 Tidal from Pondfirst at 0:10 · in 68% of games
  • Advanced Construction Bot1 T2 con bot from Geo or Techfirst at 7:41 · in 57% of games

How it plays out

Typical game of this build, running totals by minute

Metal produced

010k20k
0:005:0010:0015:00

metal

Enemy metal destroyed

05k10k
0:005:0010:0015:00

metal

Own metal lost

05k10k
0:005:0010:0015:00

metal

2381 games.

Show as table
ByMetal produced: This buildEnemy metal destroyed: This buildOwn metal lost: This build
1:0023000
2:0088700
3:002009184130
4:003110645502
5:00418513571001
6:00534921831713
7:00653930512597
8:00776039383502
9:00904546934382
10:001041853145176
11:001189258555965
12:001360364066686
13:001541268767439
14:001729875038212
15:001926981098997
WHAT THE NUMBERS SAY

Standard Suicide front play wins a bit over half its games while taking the heaviest own losses of any role by 15:00.

  • + Produces 20142 metal by 15:00, highest of the front roles.
  • + First kill by 2:01 in all games, fastest contest of middle.
  • − Own metal lost hits 9178 by 15:00, more than enemy metal destroyed.
  • − Only 34% Rocketeer share shows army spread thin across many bot types.
THE EXAMPLE YOU ARE READING

NoobSlayer

30.4 OS · 17/08/2026

Open source match ↗

5 received units · includes a constructor
73 metal received · 45094 energy received

Allied construction assistance is unknown. Timings are observations, not a promise of solo reproducibility.

Typical milestones

Bot Lab0:21Middle 50%: 0:20–0:33 · n=2373
Advanced Metal Extractor9:46Middle 50%: 8:50–10:58 · n=1721

Played most by

_X_262games of this buildPlatinumBlonde188games of this buildXad166games of this buildTrapCaT107games of this buildImmort80games of this build